 Dungeon Crawl Stone Soup version 0.21.1-1-g345015f (webtiles) character file.

161 suicidejoker the Covered (level 5, -11/41 HPs)
             Began as a Demonspawn Fighter on May 8, 2018.
             Mangled by an ogre
             ... wielding a +0 giant spiked club
              (18 damage)
             ... on level 3 of the Dungeon.
             The game lasted 00:04:40 (2706 turns).

suicidejoker the Covered (Demonspawn Fighter)       Turns: 2706, Time: 00:04:41

Health: -11/41     AC: 21    Str: 17    XL:     5   Next: 19%
Magic:  0/5        EV:  8    Int:  9    God:
Gold:   103        SH:  9    Dex: 18    Spells: 4/4 levels left

rFire    . . .     SeeInvis .   a - +0 long sword
rCold    . . .     Gourm    .   c - +0 shield
rNeg     . . .     Faith    .   e - +0 plate armour
rPois    .         Spirit   +   (helmet restricted)
rElec    .         Reflect  .   t - +0 cloak
rCorr    .         Harm     .   (no gloves)
MR       .....                  (no boots)
Stlth    ..........             (no amulet)
HPRegen  0.13/turn              (no ring)
MPRegen  0.09/turn              (no ring)

@: agile, sanguine armour
A: antennae 1, magic shield, sanguine armour 2
a: no special abilities


You were on level 3 of the Dungeon.
You were not hungry.

You visited 1 branch of the dungeon, and saw 3 of its levels.

You collected 103 gold pieces.

Inventory:

Hand Weapons
 a - a +0 long sword (weapon)
Missiles
 j - 85 stones (quivered)
 k - 17 sling bullets
 p - 19 bolts
Armour
 c - a +0 shield (worn)
 e - a +0 plate armour (worn)
 t - a +0 cloak (worn)
Scrolls
 d - a scroll of remove curse {unknown}
 g - a scroll of enchant weapon {unknown}
 h - 2 scrolls of identify
 i - a scroll of blinking {unknown}
 m - a scroll of magic mapping {unknown}
 n - a scroll of noise {unknown}
 q - a scroll of random uselessness {unknown}
 r - a scroll of teleportation {unknown}
 s - a scroll of enchant armour {unknown}
Potions
 l - a potion of flight {unknown}
 o - a potion of brilliance {unknown}
Comestibles
 f - 2 rations


   Skills:
 + Level 3.5 Fighting
 * Level 3.1 Long Blades
 * Level 3.6 Armour
 + Level 1.2 Dodging
 + Level 3.2 Shields


You had 4 spell levels left.
You didn't know any spells.

Dungeon Overview and Level Annotations

Branches:
Dungeon (3/15)

Altars:
Ashenzari
Dithmenos


Innate Abilities, Weirdness & Mutations

You have a pair of small antennae on your head.
When hurt, damage is shared between your health and your magic reserves.
When seriously injured, your bleeding wounds create thick armour. (AC +9)


Message History

The ogre barely misses you.
You hit the ogre but do no damage.
The ogre is almost dead.
The ogre closely misses you.
Your shield and plate armour prevent you from hitting the ogre.
The ogre is almost dead.
The ogre closely misses you.
You riposte.
Your plate armour prevents you from hitting the ogre.
The ogre is almost dead.
Your plate armour prevents you from hitting the ogre.
The ogre is almost dead.
The ogre hits you with a giant spiked club!
* * * LOW HITPOINT WARNING * * *
You hit the ogre but do no damage.
The ogre is almost dead.
You block the ogre's attack.
You hit the ogre but do no damage.
The ogre is almost dead.
The ogre hits you with a giant spiked club!!
You die...

#.......# #.......#
#.##.##.# #.##.##.#
#.##.##.#
#.##.#..#########
#.##........<...#
######.####.########.#
#...O@.# #.# #.#
#.###### #.# ###.# #.#
#.... #.# #.#.#
#.######.#.#
.........#.#
########.#.# ##†...
####....#


You could see an ogre.

Vanquished Creatures
  Natasha (thrice) (D:2)
  A gnoll (D:1)
  2 adders
  A dart slug (D:1)
  A leopard gecko (D:1)
  4 orcs (D:3)
  2 giant cockroaches
  5 goblins
  11 hobgoblins
  4 jackals (D:1)
  2 ball pythons (D:2)
  5 bats
  2 frilled lizards
  A jackal zombie (D:3)
  5 kobolds
  5 rats
54 creatures vanquished.

Notes
Turn   | Place    | Note
-------+----------+-------------------------------------------
     0 | D:1      | suicidejoker the Demonspawn Fighter began the quest for the Orb.
     0 | D:1      | Reached XP level 1. HP: 18/18 MP: 1/1
     2 | D:1      | Noticed a ghoul
     2 | D:1      | Noticed a gargoyle
     4 | D:1      | Noticed an octopode
     4 | D:1      | Noticed a centaur
     6 | D:1      | Noticed a troll
     6 | D:1      | Noticed a demonspawn
     8 | D:1      | Noticed a human
     8 | D:1      | Noticed a naga
    10 | D:1      | Noticed a minotaur
    12 | D:1      | Noticed an ogre
    14 | D:1      | Noticed a merfolk
    16 | D:1      | Noticed a halfling
    16 | D:1      | Noticed a dwarf
    18 | D:1      | Noticed a demigod
    18 | D:1      | Noticed a vine stalker
    20 | D:1      | Noticed a formicid
    20 | D:1      | Noticed a tengu
    22 | D:1      | Noticed a vampire
    22 | D:1      | Noticed a spriggan
    24 | D:1      | Noticed a draconian
    26 | D:1      | Noticed an elf
    26 | D:1      | Noticed a felid
   287 | D:1      | Gained mutation: When seriously injured, your bleeding wounds create armour. (AC +9) [demonic ancestry]
   287 | D:1      | Reached XP level 2. HP: 20/24 MP: 2/2
   706 | D:1      | Gained mutation: You have a pair of small antennae on your head. [demonic ancestry]
   706 | D:1      | Reached XP level 3. HP: 17/29 MP: 3/3
  1379 | D:2      | Found a faded altar of an unknown god.
  1414 | D:2      | Noticed Natasha
  1435 | D:2      | Killed Natasha
  1435 | D:2      | Gained mutation: When seriously injured, your bleeding wounds create thick armour. (AC +9) [demonic ancestry]
  1435 | D:2      | Reached XP level 4. HP: 16/35 MP: 4/4
  1507 | D:2      | Noticed Natasha
  1759 | D:2      | Killed Natasha
  1759 | D:2      | Reached skill level 1 in Dodging
  1980 | D:2      | Noticed Natasha
  1997 | D:2      | Killed Natasha
  2299 | D:3      | Gained mutation: When hurt, damage is shared between your health and your magic reserves. [demonic ancestry]
  2299 | D:3      | Reached XP level 5. HP: 41/41 MP: 5/5
  2328 | D:3      | Found a shadowy altar of Dithmenos.
  2604 | D:3      | Found a shattered altar of Ashenzari.
  2696 | D:3      | Noticed an ogre
  2706 | D:3      | Mangled by an ogre

Skill      XL: |  1  2  3  4 |
---------------+-------------+-----
Long Blades    | 2 3 |  3.1
Armour         | 3 |  3.6
Shields        | 3 |  3.2
Dodging        | 1 |  1.2
Fighting       | |  3.5

Action                   |  1- 3 |  4- 6 || total
-------------------------+-------+-------++-------
Melee: Long sword        |   169 |   116 ||   285
  Use: Potion            |     1 |     2 ||     3
       Scroll            |       |     1 ||     1
  Eat: Chunk             |     2 |     4 ||     6
Armor: Plate armour      |   143 |    58 ||   201
       Scale mail        |     3 |       ||     3
Dodge: Dodged            |    20 |    20 ||    40
Block: Shield            |    83 |    47 ||   130
       Rpst.: Long sword |     7 |     5 ||    12
